 Dungeon Crawl Stone Soup version 0.21-a0-578-gc6e9d75 (webtiles) character file.

588 Lanoc the Skirmisher (level 7, -7/55 HPs)
             Began as a Demonspawn Chaos Knight on Dec 18, 2017.
             Mangled by Grinder (8 damage)
             ... in a sewer.
             The game lasted 00:12:36 (3924 turns).

Lanoc the Skirmisher (Demonspawn Chaos Knight)      Turns: 3924, Time: 00:12:36

Health: -7/55      AC:  6    Str: 11 (12) XL:     7   Next: 15%
Magic:  0/15       EV: 12    Int: 19      God:    Xom [.*....]
Gold:   108        SH:  4    Dex: 13 (14) Spells: 6/6 levels left

rFire    . . .     SeeInvis .   a - +1 falchion (chaos)
rCold    . . .     Gourm    .   f - +0 buckler
rNeg     . . .     Faith    .   b - +3 leather armour
rPois    .         Spirit   +   (helmet restricted)
rElec    .         Reflect  .   (no cloak)
rCorr    .         Harm     .   (no gloves)
MR       .....                  (no boots)
Stlth    +.........             (no amulet)
HPRegen  0.18/turn              l - ring of magical power
MPRegen  0.14/turn              (no ring)

@: brilliant
A: antennae 1, claws 1, hooves 1, deterioration 1, low mp 1, mutation resistance
1, magic shield
a: Renounce Religion


You were in a sewer.
You worshipped Xom.
You were a plaything of Xom.
You were very hungry.

You visited 1 branch of the dungeon, and saw 5 of its levels.
You also visited: Sewer.

You collected 178 gold pieces.
You spent 70 gold pieces at shops.

Inventory:

Hand Weapons
 a - a +1 falchion of chaos (weapon)
Missiles
 o - 4 silver tomahawks (quivered)
Armour
 b - a +3 leather armour (worn)
 f - a +0 buckler (worn)
 t - the +1 robe "Karchus" {Int+3 Stlth+}
   (You found it on level 4 of the Dungeon)

   It affects your intelligence (+3).
   It makes you more stealthy.
Jewellery
 h - an uncursed amulet of regeneration {unknown}
 l - a ring of magical power (left claw)
Wands
 e - a wand of flame (27)
 s - a wand of paralysis (12)
Scrolls
 d - a scroll of identify
 g - a scroll of remove curse
 j - a scroll of immolation
 m - a scroll of enchant armour
Comestibles
 c - 7 rations


   Skills:
 + Level 4.5 Fighting
 + Level 4.1 Long Blades
 + Level 3.5 Armour
 + Level 3.1 Dodging
 + Level 2.7 Shields


You had 6 spell levels left.
You didn't know any spells.

Dungeon Overview and Level Annotations

Branches:
Dungeon (5/15)
 Temple: D:4-7

Altars:
Nemelex Xobeh
Ru

Shops:
D:4 !

Annotations:
Sewer Grinder


Innate Abilities, Weirdness & Mutations

You have a pair of small antennae on your head.
You have sharp fingernails.
You have large cloven feet.
When hurt, damage is shared between your health and your magic reserves.
Your body sometimes deteriorates upon taking damage.
Your magical capacity is low. (-10% MP)
You are somewhat resistant to further mutation.


Message History

You block the quasit's attack.
The quasit claws you but does no damage.
Grinder hits you!
You writhe in agony.
You slash Grinder!
Grinder is almost dead.
You block something's attack. You block the quasit's attack.
The quasit closely misses you. The quasit barely misses you.
Something hits you but does no damage. Grinder barely misses you.
You riposte.
You closely miss Grinder. You kick Grinder.
Grinder is almost dead.
You closely miss Grinder. You kick Grinder, but do no damage.
Grinder is almost dead.
Something hits you but does no damage. You block the quasit's attack.
The quasit claws you but does no damage.
The quasit claws you.
* * * LOW HITPOINT WARNING * * *
You feel clumsy. Grinder hits you!
You die...
Xom laughs nastily!

## #∩ ##!##
#!?!# ##...##
#.(.5.#
#.≈≈≈@#
#..†{5#
##')(##
##..)##
##.§.§.##
'....(..+
§.'.§._.§.'
≈.'.......'.
..##..§..##..


You could see Grinder and a quasit.

Vanquished Creatures
  A centaur (D:5)
  A big kobold (Sewer)
  A bullfrog zombie (D:3)
  A hound (D:5)
  2 jellies (D:5)
  A centaur skeleton (D:4)
  An orc wizard (D:3)
  Jessica (D:3)
  An iguana (D:4)
  A big kobold zombie (Sewer)
  4 gnolls (D:5)
  5 adders
  3 shadow imps
  An ufetubus (Sewer)
  An ooze (D:3)
  An adder zombie (Sewer)
  An adder skeleton (D:4)
  2 worms (D:3)
  A dart slug (D:2)
  11 orcs
  3 bats
  2 giant cockroaches
  8 goblins
  7 hobgoblins
  14 kobolds
  3 quokkas
  A ball python (D:3)
  6 frilled lizards
  10 rats
95 creatures vanquished.

Vanquished Creatures (others)
  An iguana (D:5)
  A quokka (D:5)
2 creatures vanquished.

Grand Total: 97 creatures vanquished

Notes
Turn   | Place    | Note
-------+----------+-------------------------------------------
     0 | D:1      | Lanoc the Demonspawn Chaos Knight began the quest for the Orb.
     0 | D:1      | Reached XP level 1. HP: 18/18 MP: 1/1
    37 | D:1      | Reached skill level 1 in Dodging
   663 | D:1      | Gained mutation: You have a pair of small antennae on your head. [demonic ancestry]
   663 | D:1      | Reached XP level 2. HP: 24/24 MP: 2/2
   842 | D:2      | XOM: harmless Summ miscast
   896 | D:2      | Gained mutation: You have large cloven feet. [demonic ancestry]
   896 | D:2      | Reached XP level 3. HP: 22/29 MP: 3/3
   987 | D:2      | XOM: silly message
  1028 | D:2      | XOM: god gift: ration
  1392 | D:2      | XOM: give mutation
  1392 | D:2      | Gained mutation: You expend magic power (3 MP) to strengthen your wands. [Xom's mischief]
  1488 | D:3      | Reached skill level 1 in Shields
  1515 | D:3      | HP: 1/29 [poisoned by a goblin]
  1866 | D:3      | XOM: give mutations
  1866 | D:3      | Gained mutation: You are weak. (Str -2) [Xom's mischief]
  1866 | D:3      | Gained mutation: Your body sometimes deteriorates upon taking damage. [Xom's mischief]
  1962 | D:3      | Reached XP level 4. HP: 34/35 MP: 4/4
  1973 | D:3      | XOM: mild Tloc miscast
  1974 | D:3      | Noticed a spatial vortex
  1989 | D:3      | XOM: harmless Air miscast
  2084 | D:3      | XOM: mild Pois miscast
  2329 | D:3      | Noticed Jessica
  2363 | D:3      | Killed Jessica
  2363 | D:3      | Gained mutation: When hurt, damage is shared between your health and your magic reserves. [demonic ancestry]
  2363 | D:3      | Reached XP level 5. HP: 26/42 MP: 5/5
  2601 | D:3      | XOM: mild Tloc miscast
  2747 | D:4      | XOM: 2-stop teleportation journey
  2809 | D:4      | XOM: noise
  2898 | D:4      | XOM: summons 1 hostile demon
  3039 | D:4      | Found a sparkling altar of Nemelex Xobeh.
  3108 | D:4      | Found Uxzoekk's Distillery.
  3111 | D:4      | Got a slimy robe
  3122 | D:4      | Identified the +1 robe "Karchus" {Int+3 Stlth+} (You found it on level 4 of the Dungeon)
  3138 | D:4      | Bought a potion of heal wounds for 70 gold pieces
  3258 | D:4      | Gained mutation: You have sharp fingernails. [demonic ancestry]
  3258 | D:4      | Reached XP level 6. HP: 48/48 MP: 6/6
  3422 | D:5      | Entered Level 5 of the Dungeon
  3498 | D:5      | Found a sacrificial altar of Ru.
  3532 | D:5      | XOM: confusion
  3542 | D:5      | XOM: destruction
  3578 | D:5      | Found a glowing drain.
  3606 | Sewer    | Entered a sewer
  3746 | Sewer    | XOM: noise
  3848 | Sewer    | Reached XP level 7. HP: 55/55 MP: 7/7
  3864 | Sewer    | Found a burning altar of Makhleb.
  3868 | Sewer    | XOM: cleaving
  3888 | Sewer    | Noticed Grinder
  3889 | Sewer    | XOM: scenery: 5 doors open
  3919 | Sewer    | Lost mutation: You are weak. (Str -2) [potion of mutation]
  3919 | Sewer    | Lost mutation: You expend magic power (3 MP) to strengthen your wands. [potion of mutation]
  3919 | Sewer    | Gained mutation: Your magical capacity is low. (-10% MP) [potion of mutation]
  3919 | Sewer    | Gained mutation: You are somewhat resistant to further mutation. [potion of mutation]
  3921 | Sewer    | HP: 2/55 [something (5)]
  3924 | Sewer    | Mangled by Grinder

Vault maps used:
D:1:      matt_arrival_debris
D:3:      uniq_jessica
D:4:      nemelex_xobeh_ov_fountains_minmay, serial_shops, shop
D:5:      cheibrodos_sewer_entry_bend, first_ration, minmay_misc_feat_columns,
          grunt_decor_cap, lemuel_altar_in_water2
Sewer:    kennysheep_sewer_church

Skill      XL: |  1  2  3  4  5  6 |
---------------+-------------------+-----
Dodging        | 1 2 3 |  3.1
Armour         | 2 3 |  3.5
Long Blades    | 3 4 |  4.1
Shields        | 1 2 |  2.7
Fighting       | 4 |  4.5

Action                   |  1- 3 |  4- 6 |  7- 9 || total
-------------------------+-------+-------+-------++-------
Melee: Falchion          |    82 |   170 |    36 ||   288
       Kick              |     5 |    34 |     6 ||    45
Throw: Tomahawk          |       |     3 |     1 ||     4
  Use: Scroll            |     8 |     2 |       ||    10
       Potion            |     1 |     3 |     4 ||     8
 Stab: Paralysed         |     1 |       |       ||     1
  Eat: Chunk             |     3 |     6 |       ||     9
Armor: Leather armour    |    35 |    55 |    33 ||   123
Dodge: Dodged            |    38 |    94 |    43 ||   175
Block: Buckler           |     4 |    27 |    15 ||    46
       Rpst.: Falchion   |    17 |    30 |    11 ||    58

Table legend:
 A = Spawn XP
 B = Non-spawn XP
 C = Spawn XP percentage of total XP
 D = Spawn monster count
 E = Non-spawn monster count
 F = Spawn count percentage of total count
 G = Total turns spent on level
                    A         B        C        D         E        F      G
               +---------+---------+-------+---------+---------+-------+---------
         Total |       0 |     841 |   0.0 |       0 |      95 |   0.0 |  3924
               +---------+---------+-------+---------+---------+-------+---------
           D:1 |       0 |      13 |   0.0 |       0 |      10 |   0.0 |   668
           D:2 |       0 |      56 |   0.0 |       0 |      12 |   0.0 |   791
           D:3 |       0 |     208 |   0.0 |       0 |      34 |   0.0 |  1153
           D:4 |       0 |     104 |   0.0 |       0 |       8 |   0.0 |   810
           D:5 |       0 |     282 |   0.0 |       0 |      11 |   0.0 |   184
         Sewer |       0 |     178 |   0.0 |       0 |      20 |   0.0 |   318
               +---------+---------+-------+---------+---------+-------+---------
